 Dungeon Crawl Stone Soup version 0.32-a0-18-g89e19f1 (webtiles) character file.

Game seed: 9001060071664799408

100 Dorkslayer the Ducker (level 4, 0/31 HPs)
             Began as an Octopode Fighter on Jan 16, 2024.
             Succumbed to a scorpion's poison
             ... on level 3 of the Dungeon.
             The game lasted 00:03:53 (1640 turns).

Dorkslayer the Ducker (Octopode Fighter)            Turns: 1640, Time: 00:03:54

Health: 0/31       AC:  1    Str: 15    XL:     4   Next: 73%
Magic:  4/4        EV: 14    Int: 10    God:
Gold:   105        SH:  4    Dex: 13    Spells: 3/3 levels left

rFire   . . .        a - +0 long sword
rCold   + . .        b - +0 buckler
rNeg    . . .        (helmet restricted)
rPois   .            (no amulet)
rElec   .            f - ring of wizardry
rCorr   .            h - ring of protection from cold
SInv    .            (no ring)
Will    +....        (no ring)
Stlth   +++          (no ring)
HPRegen 0.25/turn    (no ring)
MPRegen 0.09/turn    (no ring)
                     (no ring)

%: wizardry (x1)
@: lethally poisoned (0 -> -9), enlightened, flying
A: almost no armour, amphibious, 8 rings, camouflage 1, gelatinous body 1,
(nimble swimmer 1), tentacles
a: no special abilities


You were on level 3 of the Dungeon.
You visited 1 branch of the dungeon, and saw 3 of its levels.

You collected 105 gold pieces.

Inventory:

Hand Weapons
 a - a +0 long sword (weapon)
 d - a +2 short sword of flaming
Armour
 b - a +0 buckler (worn)
Jewellery
 f - a ring of wizardry (left tentacle)
 h - a ring of protection from cold (right tentacle)
Wands
 k - a wand of flame (4)
Scrolls
 i - a scroll of enchant armour {unknown}
 j - a scroll of fog {unknown}
Potions
 c - a potion of might
 e - 3 potions of lignification


   Skills:
 + Level 3.4 Fighting
 + Level 3.0 Long Blades
 * Level 4.1 Dodging
 + Level 1.1 Stealth
 + Level 3.2 Shields


You had 3 spell levels left.
You didn't know any spells.
Your spell library contained the following spells:

 Spells                   Type           Power      Damage    Failure   Level
 Sting                    Conj/Alch      0%         1d3       21%         1
 Mercury Vapours          Alch/Air       0%         N/A       28%         2
 Olgreb's Toxic Radiance  Alch           0%         N/A       86%         4


Dungeon Overview and Level Annotations

Branches:
Dungeon (3/15)

Altars:


Innate Abilities, Weirdness & Mutations

You cannot wear most types of armour.
You are amphibious.
You can wear up to eight rings at the same time.
Your skin changes colour to match your surroundings (Stealth+).
Your rubbery body absorbs attacks. (AC +1, EV +1)
((You are camouflaged when in or above water. (Stealth+)))
You have tentacles for arms and can constrict up to eight enemies at once.


Message History

The poisoned dart barely misses you.
A scorpion comes into view.
Found a scroll labelled ONOAGU QELUYNN.
You feel sick.
The kobold throws a poisoned dart.
The poisoned dart misses you.
You feel sick. The kobold hits you with a +0 dagger.
You slash the kobold!
You kill the kobold!
You feel sick.
You feel sick. The scorpion barely misses you.
Things that are here:
a +0 dagger; 4 poisoned darts You hit the scorpion but do no damage.
Your grab misses the scorpion. You squeeze the scorpion.
The scorpion is moderately wounded.
You feel sick.
You are no longer poisoned.
The scorpion stings you! The scorpion misses you.
You closely miss the scorpion. You grab the scorpion.
You squeeze the scorpion, but do no damage.
The scorpion is moderately wounded.
You constrict the scorpion. The scorpion stings you.
You barely miss the scorpion. Your squeeze misses the scorpion.
The scorpion is heavily wounded.
You constrict the scorpion, but do no damage.
The scorpion stings you.
* * * LOW HITPOINT WARNING * * *
You are lethally poisoned!
The scorpion poisons you! The scorpion stings you.
* * * LOW HITPOINT WARNING * * *
You hit the scorpion.
The scorpion is severely wounded.
You constrict the scorpion.
* * * LOW HITPOINT WARNING * * *
You feel very sick. The scorpion barely misses you. The scorpion misses you.
Unknown command.
It was a potion of enlightenment.
You feel very buoyant.
You fly up into the air.
You constrict the scorpion.
You die...

.....#<........+ .....
.....#.#.#.....# #.....
.....#.#................
.....$..................
..........#....#........
............##.#.......#
..#........##... ).. .
#.............
#...@........ ...
#...s..##.##. ....
.......#.## ... ...#
.?........ ... ....
........... .. ####
#...... ..?. #......
..... . #...... ......


You could see a scorpion.

Vanquished Creatures
  3 adders (D:2)
  4 dart slugs
  8 endoplasms
  A giant cockroach (D:1)
  6 hobgoblins
  3 quokkas
  8 ball pythons
  5 bats
  3 frilled lizards (D:1)
  6 goblins
  8 kobolds
  9 rats
64 creatures vanquished.

Notes
Turn   | Place    | Note
-------+----------+-------------------------------------------
     0 | D:1      | Dorkslayer the Octopode Fighter began the quest for the
                  | Orb.
     0 | D:1      | Reached XP level 1. HP: 16/16 MP: 1/1
    65 | D:1      | Reached XP level 2. HP: 21/21 MP: 2/2
   239 | D:1      | Reached XP level 3. HP: 25/26 MP: 3/3
  1116 | D:2      | Reached XP level 4. HP: 31/31 MP: 4/4
  1184 | D:2      | Reached skill level 4 in Dodging
  1210 | D:2      | Reached skill level 1 in Stealth
  1632 | D:3      | Noticed a scorpion
  1640 | D:3      | Succumbed to a scorpion's poison

Illustrated notes

Levels and vault maps discovered:
D:1:      dpeg_arrival_ratfight, layout_loops_ring
D:2:      layout_loops_ring, serial_bayou_pond_b
D:3:      layout_basic, zin_purify, hangedman_abyss_or_decor_stabs,
          minmay_randomly_rotated_circles

Skill      XL: |  1  2  3  4 |
---------------+-------------+-----
Dodging        | 4 |  4.1
Stealth        | 1 |  1.1
Long Blades    | 3 |  3.0
Fighting       | |  3.4
Shields        | |  3.2

Action                     |  1- 3 |  4- 6 || total
---------------------------+-------+-------++-------
  Melee: Long sword        |    77 |    30 ||   107
         Tentacles         |    14 |     8 ||    22
         Constrict         |    16 |     9 ||    25
         Punch             |     4 |       ||     4
    Use: Scroll            |       |     2 ||     2
         Potion            |       |     1 ||     1
   Stab: Sleeping          |     2 |     3 ||     5
 Armour: Skin              |    25 |    11 ||    36
  Dodge: Dodged            |    47 |    25 ||    72
  Block: Buckler           |    12 |     5 ||    17

Table legend: (Time is in decaauts)
 A = Elapsed time spent in this place.
 B = Non-inter-level travel time spent in this place.
 C = Inter-level travel time spent in this place.
 D = Time resting spent in this place.
 E = Time spent auto-exploring this place.
 F = Levels seen in this place.
 G = Mean time per level.
                   A        B        C        D        E       F      G
               +--------+--------+--------+--------+--------+-----+--------+
         Total |   1673 |   1673 |      0 |      0 |    950 |   3 |  557.7 |
       Dungeon |   1673 |   1673 |      0 |      0 |    950 |   3 |  557.7 |
               +--------+--------+--------+--------+--------+-----+--------+

Top non-repeatable levels by time:
     D:1: 879 daAuts
     D:2: 637 daAuts
     D:3: 157 daAuts
